AoeStats
← HAMADY

Lombardia

507387883Analyzed
4v4 RM · 15d ago on Sep 18, 2026· 68m 23s· 8 players
Game mode
Random Map
Map size
Large (8 player)
Population
200
Speed
Normal
Resources
Standard
Victory
Conquest
Starting age
Dark Age
Ending age
Imperial Age
RankedLock teamsTeams togetherTeam positionsShared explorationLock speedFull tech treeHidden civsTurbo modeCheats
Victory
Defeat
🇨🇱 Mongols · Chile
1369
+12
🇨🇱 Huns · Chile
1340
+13
🇯🇵 Maya · Japan
1324
+14
🇺🇾 Persians · Uruguay
1320
+14
🇨🇱 Franks · Chile
1389
-17
🇨🇱 Persians · Chile
1271
-13
🇨🇱 Mapuche · Chile
1243
-12
🇨🇱 Magyars · Chile
1209
-11
_Cypress_
6:52 Loom
9:20 Feudal Age
9:53 Double-Bit Axe
18:35 Castle Age
17:51 Bloodlines
18:07 Scale Barding Armor
18:20 Gold Mining
19:36 Chain Barding Armor
28:24 Bow Saw
28:55 Wheelbarrow
30:21 Hand Cart
31:36 Horse Collar
36:33 Imperial Age
34:17 Heavy Plow
34:34 Husbandry
34:47 Forging
35:42 Gold Shaft Mining
37:39 Imperial Age
37:42 Iron Casting
37:19 Cavalier
38:36 Plate Barding Armor
38:29 Conscription
38:43 Savar
40:07 Town Watch
42:57 Caravan
44:22 Chemistry
43:33 Masonry
44:40 Blast Furnace
43:36 Pikeman
44:17 Squires
45:13 Scale Mail Armor
45:11 Halberdier
46:52 Stone Mining
47:20 Gambesons
47:21 Arson
48:52 Chain Mail Armor
50:53 Plate Mail Armor
51:03 Fletching
52:25 Architecture
52:07 Bodkin Arrow
52:35 Ballistics
61:01 Light Cavalry
Deportes Linares
8:08 Feudal Age
6:51 Loom
8:49 Double-Bit Axe
14:23 Horse Collar
19:22 Castle Age
17:35 Gold Mining
18:02 Stone Mining
19:01 Bloodlines
19:36 Wheelbarrow
19:46 Fletching
20:26 Husbandry
23:04 Bodkin Arrow
24:24 Bow Saw
24:58 Padded Archer Armor
27:20 Ballistics
28:56 Leather Archer Armor
30:46 Thumb Ring
35:55 Imperial Age
33:57 Hand Cart
33:58 Heavy Plow
35:08 Gold Shaft Mining
35:08 Stone Shaft Mining
36:43 Bloodlines
36:10 Elite Mangudai
37:11 Bracer
37:53 Parthian Tactics
39:07 Chemistry
41:43 Caravan
42:19 Town Watch
44:49 Capped Ram
46:44 Drill
46:49 Conscription
46:16 Siege Ram
53:48 Nomads
62:05 Coinage
64:04 Banking
HAMADY
0:36 Loom
9:51 Feudal Age
10:34 Town Watch
13:05 Double-Bit Axe
13:03 Horse Collar
16:05 Wheelbarrow
21:58 Castle Age
20:13 Fletching
20:24 Padded Archer Armor
22:10 Crossbowman
22:56 Thumb Ring
22:57 Bodkin Arrow
34:01 Town Patrol
41:04 Imperial Age
41:49 Bracer
42:05 Leather Archer Armor
45:15 Chemistry
46:20 Ballistics
51:04 Elite Plumed Archer
52:38 Ring Archer Armor
56:47 Caravan
57:29 Bow Saw
57:50 Fortified Wall
65:38 Holcans
65:12 Scale Mail Armor
65:22 Forging
68:43 Chain Mail Armor
69:04 Iron Casting
67:52 Eagle Warrior
68:18 Arson
68:33 Squires
NPG | Kraxher
3:36 Loom
11:22 Feudal Age
15:20 Castle Age
15:21 Double-Bit Axe
17:32 Scale Barding Armor
23:40 Wheelbarrow
24:10 Fletching
25:31 Bow Saw
26:56 Bodkin Arrow
27:23 Gold Mining
28:15 Bloodlines
29:08 Padded Archer Armor
30:08 Husbandry
30:03 Town Watch
31:54 Ballistics
31:30 Horse Collar
32:00 Light Cavalry
33:14 Hand Cart
34:14 Pikeman
37:11 Thumb Ring
37:44 Chain Barding Armor
41:03 Imperial Age
39:04 Marauders
39:49 Gold Shaft Mining
40:11 Town Patrol
40:24 Forging
40:30 Leather Archer Armor
40:14 Stone Mining
41:06 Cavalier
42:24 Plate Barding Armor
41:16 Heavy Cavalry Archer
42:24 Parthian Tactics
42:01 Bracer
42:27 Conscription
42:19 Paladin
43:51 Iron Casting
44:27 Chemistry
45:54 Blast Furnace
48:55 Hussar
49:12 Capped Ram
55:08 Siege Ram
59:30 Squires
59:38 Arson
59:56 Scale Mail Armor
67:46 Halberdier
Loco Saiti
10:46 Feudal Age
11:21 Double-Bit Axe
13:01 Loom
16:55 Castle Age
14:55 Horse Collar
15:37 Fletching
16:11 Gold Mining
17:13 Padded Archer Armor
17:50 Bow Saw
18:48 Bodkin Arrow
21:08 Wheelbarrow
23:21 Leather Archer Armor
31:55 Malon
33:43 Ballistics
34:23 Heavy Plow
38:10 Imperial Age
36:59 Elite Skirmisher
39:44 Ring Archer Armor
39:55 Hoardings
40:28 Gold Shaft Mining
40:34 Forging
41:24 Elite Bolas Rider
42:55 Conscription
45:52 Butalmapu
46:34 Caravan
47:33 Masonry
47:47 Treadmill Crane
49:50 Chemistry
52:32 Iron Casting
54:08 Stone Mining
61:33 Champi Runner
Pipeño
11:09 Feudal Age
11:03 Loom
12:06 Loom
15:16 Castle Age
13:39 Double-Bit Axe
26:05 Wheelbarrow
26:55 Bow Saw
29:55 Gold Mining
33:16 Imperial Age
31:18 Scale Barding Armor
32:50 Chain Barding Armor
33:16 Hand Cart
33:34 Forging
33:45 Husbandry
34:56 Plate Barding Armor
33:42 Cavalier
36:18 Iron Casting
36:07 Chivalry
37:08 Conscription
36:38 Paladin
43:37 Blast Furnace
43:33 Hoardings
42:47 Light Cavalry
45:30 Caravan
52:17 Pikeman
59:30 Squires
TioNachoooi
12:32 Feudal Age
11:04 Loom
16:25 Castle Age
14:56 Double-Bit Axe
15:03 Horse Collar
16:38 Scale Barding Armor
20:03 Forging
20:16 Bloodlines
23:17 Chain Barding Armor
24:31 Husbandry
27:36 Iron Casting
30:05 Heavy Plow
32:40 Wheelbarrow
37:44 Gold Mining
45:32 Imperial Age
45:10 Cavalier
46:27 Plate Barding Armor
46:52 Blast Furnace
46:22 Hand Cart
46:42 Savar
52:01 Fletching
53:01 Caravan
53:23 Conscription
53:54 Light Cavalry
55:03 Bodkin Arrow
55:55 Hussar
Lucia Galan
9:48 Loom
12:06 Feudal Age
15:02 Double-Bit Axe
19:04 Castle Age
17:50 Gold Mining
17:43 Horse Collar
19:31 Fletching
27:13 Bodkin Arrow
28:05 Ballistics
28:11 Padded Archer Armor
29:45 Wheelbarrow
29:37 Husbandry
30:21 Town Watch
38:55 Imperial Age
39:46 Bracer
41:52 Leather Archer Armor
42:52 Chemistry
42:37 Parthian Tactics
44:29 Heavy Cavalry Archer
46:18 Ring Archer Armor
45:48 Elite Skirmisher
46:54 Bow Saw
47:29 Heavy Plow
51:17 Caravan
52:02 Conscription
51:45 Recurve Bow
51:53 Recurve Bow
52:58 Crop Rotation
57:20 Light Cavalry
58:11 Bloodlines
58:08 Scale Barding Armor
58:02 Hussar
59:57 Scale Mail Armor
60:18 Chain Barding Armor
Connection lost

Rejoining the realm…

Still unreachable

The connection could not be restored.

Session expired

The server has moved on; the page needs a fresh start.